 Dungeon Crawl Stone Soup version 0.29-a0-845-g6161e89988 (webtiles) character file.

Game seed: 11123451065236628748

58 xian the Shield-Bearer (level 3, -3/28 HPs)
             Began as a Draconian Wanderer on July 16, 2022.
             Slain by a gnoll
             ... wielding a +0 spear
              (4 damage)
             ... on level 2 of the Dungeon.
             The game lasted 00:05:44 (1857 turns).

xian the Shield-Bearer (Draconian Wanderer)         Turns: 1857, Time: 00:05:45

Health: -3/28      AC:  5    Str: 15    XL:     3   Next: 75%
Magic:  5/5        EV: 11    Int: 11    God:
Gold:   85         SH:  7    Dex: 12    Spells: 3/4 levels left

rFire   . . .      SeeInvis .   o - +1 sling (flame)
rCold   . . .      Faith    .   d - +2 buckler
rNeg    . . .      Spirit   .   (body armour unavailable)
rPois   .          Reflect  .   (helmet restricted)
rElec   .          Harm     .   (no cloak)
rCorr   .          Rampage  .   (no gloves)
Will    .....                   (no boots)
Stlth   +.........              (no amulet)
HPRegen 0.09/turn               (no ring)
MPRegen 0.09/turn               (no ring)

@: no status effects
A: AC +5, unfitting armour, cold-blooded
a: no special abilities


You were on level 2 of the Dungeon.
You visited 1 branch of the dungeon, and saw 2 of its levels.

You collected 85 gold pieces.

Inventory:

Hand Weapons
 a - a +0 club
 o - a +1 sling of flaming (weapon)
Missiles
 h - 4 curare-tipped darts
 i - 5 javelins
Armour
 d - a +2 buckler (worn)
Scrolls
 c - a scroll of vulnerability
 f - a scroll of fear {unknown}
 m - a scroll of magic mapping {unknown}
Potions
 b - a potion of lignification
 e - 2 potions of invisibility {unknown}
 g - 3 potions of haste {unknown}
 j - a potion of might {unknown}
 k - a potion of brilliance {unknown}
 l - a potion of degeneration {unknown}
 n - a potion of curing {unknown}


   Skills:
 + Level 1.2 Fighting
 + Level 1.0 Maces & Flails
 + Level 0.9 Dodging
 + Level 0.3 Stealth
 + Level 4.6 Shields
 + Level 1.3 Spellcasting
 + Level 3.3 Summonings
 + Level 1.0 Evocations


You had 3 spell levels left.
You knew the following spells:

 Your Spells              Type           Power      Damage    Failure   Level
a - Summon Small Mammal   Summ           32%        N/A       11%         1

Your spell library contained the following spells:

 Spells                   Type           Power      Damage    Failure   Level
 Call Canine Familiar     Summ           8%         N/A       30%         3


Dungeon Overview and Level Annotations

Branches:
Dungeon (2/15)

Altars:


Innate Abilities, Weirdness & Mutations

Your plain brown scales are hard. (AC +5)
You cannot fit into any form of body armour.
You are cold-blooded and may be slowed by cold attacks.


Message History

The gnoll is almost dead.
You block the gnoll's attack.
The gnoll hits you from afar with a +0 spear!
* * * LOW HITPOINT WARNING * * *
Fire: o) +1 sling (flame)
Press: ? - help, Q - select action, (/) - cycle Shift-Dir - straight line, f/p - gnoll
Aim: a gnoll, wielding a +0 spear and wearing a +0 leather armour (almost dead, 58% to hit)
You shoot a sling bullet.
The sling bullet hits the gnoll but does no damage.
The gnoll is almost dead.
The gnoll closely misses you.
Okay, then.
Fire: o) +1 sling (flame)
Press: ? - help, Q - select action, (/) - cycle Shift-Dir - straight line, f/p - gnoll
Aim: a gnoll, wielding a +0 spear and wearing a +0 leather armour (almost dead, 58% to hit)
You shoot a sling bullet.
The sling bullet hits the gnoll but does no damage.
The gnoll is almost dead.
The gnoll hits you from afar with a +0 spear.
* * * LOW HITPOINT WARNING * * *
Fire: o) +1 sling (flame)
Press: ? - help, Q - select action, (/) - cycle Shift-Dir - straight line, f/p - gnoll
Aim: a gnoll, wielding a +0 spear and wearing a +0 leather armour (almost dead, 58% to hit)
You shoot a sling bullet.
The sling bullet hits the gnoll but does no damage.
The gnoll is almost dead.
The gnoll barely misses you. You block the gnoll's attack.
Fire: o) +1 sling (flame)
Press: ? - help, Q - select action, (/) - cycle Shift-Dir - straight line, f/p - gnoll
Aim: a gnoll, wielding a +0 spear and wearing a +0 leather armour (almost dead, 58% to hit)
You shoot a sling bullet.
The sling bullet closely misses the gnoll.
The gnoll closely misses you.
Fire: o) +1 sling (flame)
Press: ? - help, Q - select action, (/) - cycle Shift-Dir - straight line, f/p - gnoll
Aim: a gnoll, wielding a +0 spear and wearing a +0 leather armour (almost dead, 58% to hit)
You shoot a sling bullet.
The sling bullet closely misses the gnoll.
The gnoll hits you from afar with a +0 spear.
You die...

#..##'##..###....... #.......##
#....... ##......# #.......
#......#.# #....... #......#.##
#....... #......#..# #....... .
#########+###.###.####.# ..
...............##.# #.# ..
.......@#.##.#.##.# #.#
..#.############.#.##.#.##.####.#
............gg.g.#.##.#.##.......
....##############.##......####.#
.g< ........##......# #.# ..
#...............# #.# .
+...............####.#
#.........####..#....#
#.........#####.#....#


You could see a gnoll.

Vanquished Creatures
  Jessica (D:2)
  5 ball pythons
  A bat (D:1)
  3 endoplasms
  A giant cockroach (D:1)
  4 goblins
  2 hobgoblins (D:1)
  2 jackals (D:1)
  2 quokkas
  A frilled lizard (D:1)
  A kobold (D:2)
23 creatures vanquished.

Vanquished Creatures (collateral kills)
  A giant cockroach (D:2)
  A hobgoblin (D:2)
  A kobold (D:2)
  A rat (D:1)
4 creatures vanquished.

Vanquished Creatures (others)
  2 plants (D:2)
2 creatures vanquished.

Grand Total: 29 creatures vanquished

Notes
Turn   | Place    | Note
-------+----------+-------------------------------------------
     0 | D:1      | xian the Draconian Wanderer began the quest for the Orb.
     0 | D:1      | xian set off with the following items: a +0 club, a potion
                  | of lignification, a scroll of vulnerability, a +2 buckler;
                  | and the following spell memorised: Summon Small Mammal; and
                  | the following spells available to memorise: Call Canine
                  | Familiar.
     0 | D:1      | Reached XP level 1. HP: 16/16 MP: 2/2
   466 | D:1      | Reached XP level 2. HP: 19/23 MP: 0/3
  1270 | D:2      | Reached XP level 3. HP: 26/28 MP: 0/4
  1278 | D:2      | Noticed Jessica
  1317 | D:2      | Killed Jessica
  1318 | D:2      | Reached skill level 1 in Maces & Flails
  1854 | D:2      | HP: 1/28 [gnoll/+0 spear (3)]
  1857 | D:2      | Slain by a gnoll

Illustrated notes

Levels and vault maps discovered:
D:1:      evilmike_arrival_plus, layout_rooms, minivault_27
D:2:      layout_basic, corexii_shack, kennysheep_jessica_study, uniq_sigmund

Skill      XL: |  1  2  3 |
---------------+----------+-----
Maces & Flails | 1 |  1.0
Fighting       | |  1.2
Dodging        | |  0.9
Stealth        | |  0.3
Shields        | |  4.6
Spellcasting   | |  1.3
Summonings     | |  3.3
Evocations     | |  1.0

Action                   || total
-------------------------++-------
Melee: Club              ||   107
       Tailslap          ||    11
 Fire: Sling             ||    14
Throw: Javelin           ||     1
 Cast: Summon Small Mamm ||     7
 Stab: Distracted        ||     1
       Sleeping          ||     1
Armor: Skin              ||    35
Dodge: Dodged            ||    76
Block: Buckler           ||    56

Table legend: (Time is in decaauts)
 A = Elapsed time spent in this place.
 B = Non-inter-level travel time spent in this place.
 C = Inter-level travel time spent in this place.
 D = Time resting spent in this place.
 E = Time spent auto-exploring this place.
 F = Levels seen in this place.
 G = Mean time per level.
                   A        B        C        D        E       F      G
               +--------+--------+--------+--------+--------+-----+--------+
         Total |   1905 |   1881 |     24 |      0 |   1413 |   2 |  952.5 |
       Dungeon |   1905 |   1881 |     24 |      0 |   1413 |   2 |  952.5 |
               +--------+--------+--------+--------+--------+-----+--------+

Top non-repeatable levels by time:
     D:1: 1115 daAuts
     D:2: 789 daAuts
